 Dungeon Crawl Stone Soup version 0.29-a0-323-g050149af67 (webtiles) character file.

Game seed: 14201453195575075724

457 Jortsu the Ruffian (level 6, 0/59 HPs)
             Began as a Troll Hunter on Apr 11, 2022.
             Slain by an orc
             ... wielding a +2 short sword of freezing
              (1 damage)
             ... on level 4 of the Dungeon.
             The game lasted 00:04:48 (2594 turns).

Jortsu the Ruffian (Troll Hunter)                   Turns: 2594, Time: 00:04:49

Health: 0/59       AC:  5    Str: 20    XL:     6   Next: 77%
Magic:  5/5        EV: 10    Int:  5    God:
Gold:   256        SH:  0    Dex: 15    Spells: 5/5 levels left

rFire   . . .      SeeInvis .   j - +0 giant spiked club
rCold   . . .      Faith    .   (shield currently unavailable)
rNeg    . . .      Spirit   .   b - +1 robe
rPois   +          Reflect  .   (helmet restricted)
rElec   .          Harm     .   (no cloak)
rCorr   .          Rampage  .   (gloves unavailable)
Will    .....                   (boots unavailable)
Stlth   ++........              (no amulet)
HPRegen 0.99/turn               e - ring of poison resistance
MPRegen 0.09/turn               (no ring)

@: no status effects
A: large, unfitting armour, claws 3, regeneration 1, shaggy fur 1, tough skin 1
a: no special abilities


You were on level 4 of the Dungeon.
You visited 1 branch of the dungeon, and saw 4 of its levels.

You collected 256 gold pieces.

Inventory:

Hand Weapons
 a - a +2 hunting sling of freezing
 j - a +0 giant spiked club (weapon)
Armour
 b - a +1 robe (worn)
Jewellery
 e - a ring of poison resistance (left claw)
 g - an amulet of magic regeneration
 i - a ring of wizardry
 m - an amulet of regeneration
 r - a ring of protection from fire
Scrolls
 c - a scroll of immolation
 d - a scroll of vulnerability {unknown}
 k - a scroll of blinking
 l - 3 scrolls of enchant armour
 o - a scroll of fog
 p - a scroll of enchant weapon
 q - a scroll of teleportation
Potions
 f - a potion of might
 h - 2 potions of lignification
 n - a potion of magic {unknown}


   Skills:
 + Level 2.4 Fighting
 + Level 2.9 Maces & Flails
 + Level 3.2 Slings
 + Level 2.4 Dodging
 + Level 1.3 Stealth
 + Level 3.5 Unarmed Combat


You had 5 spell levels left.
You didn't know any spells.
Your spell library contained the following spells:

 Spells                   Type           Power      Damage    Failure   Level
 Gell's Gravitas          Tloc           0%         N/A       85%         3
 Teleport Other           Tloc           0%         N/A       85%         3
 Dispersal                Tloc           0%         N/A       100%        6


Dungeon Overview and Level Annotations

Branches:
Dungeon (4/15)
 Temple: D:4-7

Altars:
Qazlal

Annotations:
D:4 Natasha


Innate Abilities, Weirdness & Mutations

You are too large for most types of armour.
You have claws for hands.
Your natural rate of healing is unusually fast.
You are covered in fur. (AC +1)
You have tough skin. (AC +1)


Message History

The orc freezes you. The orc closely misses you.
You hit the orc but do no damage. The orc hits you with a +0 flail!
* * * LOW HITPOINT WARNING * * *
The orc closely misses you.
The orc hits you with a +2 short sword of freezing!
* * * LOW HITPOINT WARNING * * *
The orc freezes you.
* * * LOW HITPOINT WARNING * * *
The orc attacks as you move away! The orc hits you but does no damage.
The orc attacks as you move away! The orc completely misses you.
The orc attacks as you move away!
The orc hits you with a +2 short sword of freezing.
* * * LOW HITPOINT WARNING * * *
The orc freezes you.
* * * LOW HITPOINT WARNING * * *
The orc attacks as you move away!
The orc hits you with a +2 short sword of freezing.
* * * LOW HITPOINT WARNING * * *
The orc freezes you.
* * * LOW HITPOINT WARNING * * *
The orc attacks as you move away! The orc hits you with a +0 flail.
* * * LOW HITPOINT WARNING * * *
Okay, then.
You closely miss the orc. The orc barely misses you.
The orc hits you but does no damage. The orc barely misses you.
The orc hits you with a +0 flail.
* * * LOW HITPOINT WARNING * * *
You impale the orc!!
You kill the orc!
The orc hits you with a +2 short sword of freezing.
* * * LOW HITPOINT WARNING * * *
The orc freezes you.
* * * LOW HITPOINT WARNING * * *
The orc hits you with a +0 flail.
* * * LOW HITPOINT WARNING * * *
The orc barely misses you.
The orc hits you with a +2 short sword of freezing.
* * * LOW HITPOINT WARNING * * *
The orc freezes you.
You die...

#..# #.# #.#.. #..# #.# #.#..
#..## ### #.# #.#.. #...#
###.# #.# #.##.
#####...#####...# .# #>##.
......†)........# .# #.##.
.........##..#.#######.# #.
##
########.#..##.#o##.#..######
#.......>......@)...........
#.########......o...).......
#.#........#################
##.#.....#### ...#.....#
####.....# ##....# ######


You could see 2 orcs.

Vanquished Creatures
  A black bear (D:4)
  An ogre (D:3)
  A jelly (D:4)
  2 hounds (D:4)
  Natasha (D:4)
  An iguana (D:4)
  An orc wizard (D:4)
  3 adders (D:2)
  4 worms
  2 dart slugs
  6 orcs
  2 bats
  10 endoplasms
  3 giant cockroaches
  4 goblins
  10 hobgoblins
  5 jackals
  5 quokkas
  3 ball pythons
  2 frilled lizards (D:2)
  5 kobolds
  4 rats
76 creatures vanquished.

Notes
Turn   | Place    | Note
-------+----------+-------------------------------------------
     0 | D:1      | Jortsu the Troll Hunter began the quest for the Orb.
     0 | D:1      | Reached XP level 1. HP: 19/19 MP: 0/0
   104 | D:1      | Reached XP level 2. HP: 25/27 MP: 1/1
   596 | D:2      | Reached XP level 3. HP: 35/35 MP: 2/2
   610 | D:2      | Reached skill level 1 in Unarmed Combat
  1055 | D:2      | Reached XP level 4. HP: 41/42 MP: 3/3
  1529 | D:3      | Noticed an ogre
  1539 | D:3      | Killed an ogre
  1540 | D:3      | Reached skill level 1 in Stealth
  1540 | D:3      | Reached XP level 5. HP: 49/49 MP: 4/4
  1824 | D:3      | Found a stormy altar of Qazlal.
  1999 | D:4      | Noticed a black bear
  2003 | D:4      | Killed a black bear
  2004 | D:4      | Reached skill level 1 in Maces & Flails
  2004 | D:4      | Reached XP level 6. HP: 57/57 MP: 5/5
  2124 | D:4      | Noticed Natasha
  2129 | D:4      | Killed Natasha
  2134 | D:4      | Identified the +7 rapier "Hydra's Nightmare" {elec, Int+3
                  | Dex+5}
  2279 | D:4      | Noticed Natasha
  2594 | D:4      | HP: 2/59 [orc/+0 flail (3)]
  2594 | D:4      | Slain by an orc

Illustrated notes

Levels and vault maps discovered:
D:1:      amcnicky_arrival_gap_in_the_tavern_cellar, layout_rooms
D:2:      layout_basic, minivault_11, grunt_decor_mini_mirrors
D:3:      layout_rooms, nicolae_qazlal_scattered_showers
D:4:      layout_loops_ring, serial_co_window_serial,
          co_window_of_opportunity_a, co_window_paths_a, co_window_corner_a,
          co_window_paths_b, co_window_of_opportunity_a, co_window_corner_ca,
          co_window_unsneaky_path_b, co_window_of_opportunity_b,
          co_window_paths_c, co_window_corner_b, co_window_paths_c,
          co_window_broadway_a, glass_columns_c, wad_floor_pattern_untrapped,
          skrybe_limestone_x, st_stairs_10, uniq_natasha,
          uniq_crazy_yiuf_cottage

Skill      XL: |  1  2  3  4  5  6 |
---------------+-------------------+-----
Slings         | 3 |  3.2
Unarmed Combat | 2 3 |  3.5
Dodging        | 2 |  2.4
Stealth        | 1 |  1.3
Fighting       | 2 |  2.4
Maces & Flails | 1 2 |  2.9

Action                   |  1- 3 |  4- 6 || total
-------------------------+-------+-------++-------
Melee: Unarmed           |   136 |    23 ||   159
       Punch             |     3 |       ||     3
       Giant spiked club |       |   102 ||   102
  Use: Scroll            |     4 |     8 ||    12
 Stab: Sleeping          |     3 |     3 ||     6
Armor: Robe              |    44 |    56 ||   100
Dodge: Dodged            |    65 |    98 ||   163

Table legend: (Time is in decaauts)
 A = Elapsed time spent in this place.
 B = Non-inter-level travel time spent in this place.
 C = Inter-level travel time spent in this place.
 D = Time resting spent in this place.
 E = Time spent auto-exploring this place.
 F = Levels seen in this place.
 G = Mean time per level.
                   A        B        C        D        E       F      G
               +--------+--------+--------+--------+--------+-----+--------+
         Total |   2662 |   2575 |     87 |     20 |   1739 |   4 |  665.5 |
       Dungeon |   2662 |   2575 |     87 |     20 |   1739 |   4 |  665.5 |
               +--------+--------+--------+--------+--------+-----+--------+

Top non-repeatable levels by time:
     D:2: 926 daAuts
     D:4: 684 daAuts
     D:1: 566 daAuts
     D:3: 485 daAuts
